 Dungeon Crawl Stone Soup version 0.24.0-13-gcf9b319 (webtiles) character file.

Game seed: 1520374399253312509, levelgen mode: deterministic

71 moonsaber56 the Skirmisher (level 4, -2/40 HPs)
             Began as a Draconian Berserker on Apr 17, 2020.
             Was a Believer of Trog.
             Slain by a bullfrog (7 damage)
             ... on level 2 of the Dungeon.
             The game lasted 00:04:33 (1267 turns).

moonsaber56 the Skirmisher (Draconian Berserker)    Turns: 1267, Time: 00:04:33

Health: -2/40      AC:  5    Str: 20    XL:     4   Next: 5%
Magic:  4/4        EV: 13    Int:  7    God:    Trog [**....]
Gold:   73         SH:  0    Dex: 11    Spells: 3/3 levels left

rFire    . . .     SeeInvis .   a - +0 falchion
rCold    . . .     Gourm    .   (no shield)
rNeg     . . .     Faith    .   (armour unavailable)
rPois    .         Spirit   .   (helmet restricted)
rElec    .         Reflect  .   (no cloak)
rCorr    .         Harm     .   (no gloves)
MR       .....                  (no boots)
Stlth    +.........             (no amulet)
HPRegen  0.13/turn              (no ring)
MPRegen  0.09/turn              (no ring)

@: no status effects
A: unfitting armour, cold-blooded, AC +5
a: Berserk, Trog's Hand, Renounce Religion


You were on level 2 of the Dungeon.
You worshipped Trog.
Trog was pleased with you.
You were not hungry.

You visited 1 branch of the dungeon, and saw 2 of its levels.

You collected 73 gold pieces.

Inventory:

Hand Weapons
 a - a +0 falchion (weapon)
Scrolls
 b - a scroll of remove curse {unknown}
 c - a scroll of amnesia {unknown}
Potions
 d - a potion of flight
 f - a potion of might {unknown}


   Skills:
 + Level 4.2 Fighting
 + Level 3.9 Long Blades
 + Level 3.1 Dodging


You had 3 spell levels left.
You didn't know any spells.
Your spell library was empty.

Dungeon Overview and Level Annotations

Branches:
Dungeon (2/15)

Altars:


Innate Abilities, Weirdness & Mutations

Your plain brown scales are hard. (AC +5)
You cannot fit into any form of body armour.
You are cold-blooded and may be slowed by cold attacks.


Message History

The bullfrog hits you.
You hit the bullfrog.
The bullfrog is moderately wounded.
The bullfrog hits you but does no damage.
The bullfrog hits you.
* * * LOW HITPOINT WARNING * * *
You slash the bullfrog!
The bullfrog is severely wounded.
The bullfrog hits you!
* * * LOW HITPOINT WARNING * * *
The bullfrog closely misses you.
You closely miss the bullfrog.
The bullfrog is severely wounded.
The bullfrog completely misses you.
You riposte.
You hit the bullfrog.
Your tail-slap misses the bullfrog.
The bullfrog is severely wounded.
You hit the bullfrog.
The bullfrog is almost dead.
The bullfrog barely misses you. The bullfrog hits you!
You die...

....##.##...#..#.#. ..
......................
....#####.......##...
.###................
.#..............#
...........)....#
....###...#.....##
.................#
(...##......#..†@#
(...##.....^#...F#
....##......#<......
..(.##......#..###....
....##......#..# ....#
.###...... <... ...#
.# ...### ..... ...#
.# ...#........ ...
.#####.#...#


You could see a bullfrog.

Vanquished Creatures
  An adder (D:2)
  An ooze (D:1)
  2 worms (D:2)
  2 dart slugs
  3 leopard geckos
  A ball python (D:1)
  2 giant cockroaches
  4 goblins
  8 hobgoblins
  4 jackals (D:1)
  4 bats
  9 frilled lizards (D:2)
  3 kobolds
44 creatures vanquished.

Notes
Turn   | Place    | Note
-------+----------+-------------------------------------------
     0 | D:1      | moonsaber56 the Draconian Berserker began the quest for the
                  | Orb.
     0 | D:1      | Reached XP level 1. HP: 19/19 MP: 1/1
    93 | D:1      | Reached XP level 2. HP: 13/26 MP: 2/2
   520 | D:1      | Reached XP level 3. HP: 33/33 MP: 3/3
   691 | D:2      | Reached skill level 4 in Fighting
   723 | D:2      | Reached ** piety under Trog
  1249 | D:2      | Reached XP level 4. HP: 30/40 MP: 4/4
  1258 | D:2      | Noticed a bullfrog
  1267 | D:2      | Slain by a bullfrog

Levels and vault maps discovered:
D:1:      dpeg_arrival_shrine, layout_loops_ring
D:2:      layout_basic, nicolae_tso_carved_into_rock, first_ration,
          minmay_lizard_pond

Skill      XL: |  1  2  3 |
---------------+----------+-----
Dodging        | 3 |  3.1
Fighting       | 4 |  4.2
Long Blades    | |  3.9

Action                   |  1- 3 |  4- 6 || total
-------------------------+-------+-------++-------
Melee: Falchion          |    93 |     9 ||   102
       Tailslap          |    12 |     1 ||    13
Invok: Berserk           |     4 |       ||     4
  Use: Scroll            |     2 |       ||     2
  Eat: Ration            |     2 |       ||     2
Armor: Skin              |    45 |     2 ||    47
Dodge: Dodged            |    92 |     4 ||    96
       Rpst.: Falchion   |    36 |     2 ||    38
